 Dungeon Crawl Stone Soup version 0.30.0 (webtiles) character file.

Game seed: 12294689354225272194

39 Sultan the Slasher (level 3, -3/29 HPs)
             Began as a Human Berserker on Jan 18, 2024.
             Was a Follower of Trog.
             Slain by a gnoll
             ... wielding a +0 club
              (6 damage)
             ... on level 2 of the Dungeon.
             The game lasted 00:04:48 (1204 turns).

Sultan the Slasher (Human Berserker)                Turns: 1204, Time: 00:04:48

Health: -3/29      AC:  2    Str: 19    XL:     3   Next: 67%
Magic:  3/3        EV: 12    Int:  7    God:    Trog [*.....]
Gold:   125        SH:  0    Dex: 12    Spells: 2/2 levels left

rFire   . . .        a - +0 falchion
rCold   . . .        (no shield)
rNeg    . . .        b - +0 animal skin
rPois   .            (no helmet)
rElec   .            (no cloak)
rCorr   .            (no gloves)
SInv    .            (no boots)
Will    .....        (no amulet)
Stlth   +            (no ring)
HPRegen 0.24/turn    (no ring)
MPRegen 0.08/turn

%: no passive effects
@: no status effects
A: no striking features
a: Renounce Religion, Berserk


You were on level 2 of the Dungeon.
You worshipped Trog.
Trog was aware of your devotion.
You visited 1 branch of the dungeon, and saw 2 of its levels.

You collected 125 gold pieces.

Inventory:

Hand Weapons
 a - a +0 falchion (weapon)
Armour
 b - a +0 animal skin (worn)
Scrolls
 d - a scroll of immolation {unknown}
 e - a scroll of poison {unknown}
Potions
 c - a potion of curing {unknown}
 f - a potion of berserk rage {unknown}
 g - a potion of haste {unknown}
 h - 2 potions of attraction {unknown}
 i - a potion of degeneration {unknown}


   Skills:
 + Level 3.5 Fighting
 + Level 3.8 Long Blades
 + Level 2.1 Armour
 + Level 2.1 Dodging


You had 2 spell levels left.
You didn't know any spells.
Your spell library contained the following spells:

 Spells                   Type           Power      Damage    Failure   Level
 Ensorcelled Hibernation  Hex/Ice        0%         N/A       56%         2
 Passwall                 Tmut/Erth      0%         N/A       56%         2
 Swiftness                Air            0%         N/A       80%         3


Dungeon Overview and Level Annotations

Branches:
Dungeon (2/15)

Altars:

Shops:
D:1 [


Message History

The adder closely misses you.
A gnoll comes into view. It is wielding a +0 club.
The adder barely misses you.
You miss the adder.
The adder is severely wounded.
The gnoll shouts!
The adder barely misses you.
You slash the adder!
You kill the adder!
Trog accepts your kill. The quokka bites you.
You closely miss the quokka. The quokka misses you.
You closely miss the quokka. The quokka misses you.
You hit the quokka.
The quokka is almost dead.
The quokka closely misses you. The quokka barely misses you.
You barely miss the quokka.
The quokka is almost dead.
The quokka misses you.
You barely miss the quokka.
The quokka is almost dead.
The quokka misses you.
You hit the quokka.
You kill the quokka!
Trog accepts your kill.
You barely miss the gnoll. The gnoll hits you with a +0 club.
You closely miss the gnoll. The gnoll hits you with a +0 club.
You hit the gnoll but do no damage. The gnoll hits you with a +0 club.
You hit the gnoll.
The gnoll is lightly wounded.
The gnoll hits you with a +0 club!
You closely miss the gnoll.
The gnoll is lightly wounded.
The gnoll hits you with a +0 club!
* * * LOW HITPOINT WARNING * * *
The gnoll barely misses you.
You hit the gnoll.
The gnoll is heavily wounded.
The gnoll barely misses you. The gnoll hits you with a +0 club.
You die...

#<# #.# # #[# # #.# #
#.# # #.#### #########
#.....
####.......############
#.....@[...............
#..###g###.......#######
.(.. ##......# #..#.#.
#......#
+.#?#(#.+......# #. # #
.#......# # #......#
#...##### ..#.


You could see a gnoll.

Vanquished Creatures
  An adder (D:2)
  3 endoplasms (D:1)
  8 goblins (D:1)
  5 hobgoblins (D:1)
  3 kobolds (D:1)
  A quokka (D:2)
  A ball python (D:1)
  5 rats (D:1)
27 creatures vanquished.

Notes
Turn   | Place    | Note
-------+----------+-------------------------------------------
     0 | D:1      | Sultan the Human Berserker began the quest for the Orb.
     0 | D:1      | Reached XP level 1. HP: 18/18 MP: 1/1
   283 | D:1      | Reached XP level 2. HP: 15/24 MP: 2/2
   545 | D:1      | Reached XP level 3. HP: 29/29 MP: 3/3
   728 | D:1      | Found Paetoseu's Armour Emporium.
  1204 | D:2      | Slain by a gnoll

Illustrated notes

Levels and vault maps discovered:
D:1:      minmay_arrival_five_plusses, layout_basic, serial_shops, shop
D:2:      minmay_roachtagon, layout_basic, minmay_gold_behind_fungi,
          minmay_box_of_dots

Action                     || total
---------------------------++-------
  Melee: Falchion          ||    92
 Armour: Animal skin       ||    11
  Dodge: Dodged            ||    56
